Map: Blackburn LE

Players

TheThinker

  • Race: Protoss Protoss
  • League: Grandmaster

Astrea - Winner!

  • Race: Protoss Protoss
  • League: Master

VOD

Have the link to the VOD?

Description

Time

  • Played on: Dec. 23, 2021, 3:27 p.m.
  • Length: 7:15
Show
View Real Time Build Order
Export as new Build Order

TheThinker Protoss 

Build Orders: Oracle Opening 

Get SALT Encoding   

  12  0:00  Probe  
  13  0:12  Probe  
  14  0:17  Pylon  
  14  0:24  Probe (Chrono Boost)  
  15  0:36  Probe (Chrono Boost)  
  15  0:39  Gateway  
  16  0:45  Probe (Chrono Boost)  
  16  0:47  Assimilator  
  17  0:51  Probe  
  18  0:58  Assimilator  
  18  1:03  Probe (Chrono Boost)  
  19  1:07  Pylon  
  19  1:13  Probe (Chrono Boost)  
  20  1:22  Forge  
  20  1:26  Zealot  
  22  1:34  Cybernetics Core  
  22  1:37  Probe  
  23  1:54  Photon Cannon  
  23  1:55  Zealot (Chrono Boost)  
  25  2:11  Cybernetics Core  
  25  2:17  Adept (Chrono Boost)  
  27  2:24  Pylon  
  27  2:28  Probe  
  26  2:40  Probe  
  27  2:51  Stargate  
  27  2:52  Probe  
  28  3:05  Probe  
  28  3:10  Assimilator  
  26  3:14  Nexus  
  26  3:17  Probe  
  27  3:24  Stalker (Chrono Boost)  
  28  3:34  Probe  
  28  3:40  Oracle  
  32  3:46  Probe  
  33  3:55  Shield Battery  
  33  3:59  Stalker  
  33  4:01  Probe  
  34  4:13  Probe  
  35  4:24  Oracle (Chrono Boost)  
  35  4:25  Probe  
  35  4:29  Probe  
  40  4:31  Warp Gate  
  40  4:37  Probe  
  41  4:41  Gateway, Probe  
  41  4:43  Stalker  
  44  4:52  Probe (Chrono Boost)  
  45  4:53  Probe (Chrono Boost)  
  45  4:58  Twilight Council  
  46  5:08  Probe (Chrono Boost)  
  46  5:09  Probe (Chrono Boost)  
  48  5:19  Probe x2  
  50  5:21  Assimilator  
  50  5:25  Pylon  
  50  5:31  Probe x2  
  52  5:40  Dark Shrine  
  52  5:43  Probe x2  
  52  5:45  Gateway  
  54  5:55  Probe x2  
  56  6:03  Gateway  
  56  6:07  Gateway, Probe  
  56  6:08  Pylon  
  56  6:10  Probe  
  58  6:14  Pylon  
  58  6:15  Pylon  
  58  6:23  Probe  
  59  6:30  Stalker x2  
  63  6:33  Nexus  
  63  6:37  Probe x2  
  63  6:39  Assimilator  
  65  6:45  Shield Battery  
  65  6:48  Shield Battery  
  65  6:50  Probe  
  65  6:54  Dark Templar x2  
  70  6:58  Dark Templar  
  68  7:02  Probe  
Show
View Real Time Build Order
Export as new Build Order

Astrea Protoss - Winner!

Build Orders:  

Get SALT Encoding   

  12  0:00  Probe  
  13  0:12  Probe  
  14  0:24  Probe  
  14  0:27  Pylon  
  15  0:45  Gateway  
  15  0:46  Gateway  
  16  0:50  Probe  
  16  0:55  Assimilator  
  16  1:02  Probe  
  17  1:09  Pylon  
  17  1:14  Probe  
  18  1:26  Probe  
  18  1:31  Zealot x2 (Chrono Boost)  
  19  1:38  Probe  
  24  1:41  Cybernetics Core  
  24  1:50  Zealot  
  24  1:52  Zealot  
  28  2:01  Pylon  
  28  2:13  Probe  
  29  2:18  Stalker  
  31  2:24  Stalker  
  30  2:43  Warp Gate  
  29  2:50  Nexus  
  29  2:52  Probe  
  28  3:07  Probe  
  29  3:14  Pylon  
  29  3:18  Stalker  
  29  3:19  Probe  
  31  3:31  Probe (Chrono Boost)  
  33  3:42  Probe (Chrono Boost)  
  33  3:45  Gateway  
  33  3:47  Probe (Chrono Boost), Stalker  
  36  3:57  Probe  
  37  4:06  Probe  
  37  4:08  Shield Battery  
  37  4:09  Probe, Shield Battery  
  37  4:18  Probe (Chrono Boost)  
  36  4:27  Assimilator  
  36  4:28  Twilight Council  
  36  4:29  Probe (Chrono Boost)  
  36  4:30  Probe (Chrono Boost)  
  38  4:33  Stalker  
  41  4:38  Probe (Chrono Boost)  
  41  4:40  Probe (Chrono Boost)  
  41  4:44  Stalker  
  44  4:46  Probe  
  44  4:50  Stalker  
  44  4:52  Probe  
  48  4:57  Assimilator  
  48  4:59  Probe  
  49  5:01  Stalker  
  49  5:04  Probe  
  52  5:11  Probe  
  52  5:13  Pylon  
  53  5:18  Blink (Chrono Boost)  
  53  5:19  Probe  
  54  5:34  Probe  
  54  5:43  Gateway  
  54  5:44  Gateway  
  54  5:46  Stalker x3  
  54  5:47  Pylon  
  59  5:51  Pylon  
  57  5:59  Probe, Nexus  
  57  6:02  Probe  
  59  6:07  Probe  
  59  6:08  Robotics Facility  
  60  6:14  Probe  
  60  6:17  Probe, Pylon  
  62  6:26  Probe  
  62  6:29  Probe  
  64  6:33  Pylon  
  64  6:38  Probe  
  64  6:39  Stalker x3  
  71  6:41  Probe  
  72  6:50  Probe, Pylon  
  72  6:53  Probe  
  74  6:55  Observer (Chrono Boost)  
  75  7:02  Probe  
  75  7:06  Stalker  
  75  7:07  Stalker x2  
Tags
 
Add a new tag
Caveats
  • Supply blocks, unpowered buildings, or Contaminate may cause inaccurate times.
  • Supply counts are checked every 10 seconds.